 Dungeon Crawl Stone Soup version 0.31.0-11-ge490571c62 (webtiles) character file.

Game seed: 13108279677915394187

107 Curundu the Chopper (level 4, -8/61 HPs)
             Began as a Minotaur Berserker on Feb 4, 2024.
             Was a Believer of Trog.
             Mangled by a gnoll
             ... wielding a +0 halberd
              (11 damage)
             ... on level 2 of the Dungeon.
             The game lasted 00:02:51 (1107 turns).

Curundu the Chopper (Minotaur Berserker)            Turns: 1107, Time: 00:02:52

Health: -8/61      AC: 11    Str: 24    XL:     4   Next: 56%
Magic:  3/3        EV:  7    Int:  4    God:    Trog [**....]
Gold:   68         SH:  0    Dex:  9    Spells: 3/3 levels left

rFire   . . .        a - +0 hand axe
rCold   . . .        (no shield)
rNeg    . . .        f - +0 plate armour
rPois   .            (helmet restricted)
rElec   .            (no cloak)
rCorr   .            (no gloves)
SInv    .            (no boots)
Will    .....        (no amulet) Stlth
                     (no ring)
HPRegen 0.30/turn    (no ring)
MPRegen 0.08/turn

%: no passive effects
@: berserking, very quick
A: horns 2, retaliatory headbutt
a: Renounce Religion, Berserk, Trog's Hand


You were on level 2 of the Dungeon.
You worshipped Trog.
Trog was pleased with you.
You visited 1 branch of the dungeon, and saw 2 of its levels.

You collected 68 gold pieces.

Inventory:

Hand Weapons
 a - a +0 hand axe (weapon)
Missiles
 j - 6 javelins (quivered)
 k - a throwing net
Armour
 f - a +0 plate armour (worn)
Scrolls
 c - a scroll of vulnerability {unknown}
 e - a scroll of enchant weapon {unknown}
 g - 3 scrolls of identify {unknown}
 i - a scroll of amnesia {unknown}
Potions
 b - a potion of might {unknown}
 d - a potion of lignification {unknown}
 h - a potion of berserk rage {unknown}


   Skills:
 + Level 4.9 Fighting
 + Level 4.9 Axes
 + Level 3.1 Armour
 + Level 2.5 Dodging


You had 3 spell levels left.
You didn't know any spells.
Your spell library was empty.

Dungeon Overview and Level Annotations

Branches:
Dungeon (2/15)

Altars:


Innate Abilities, Weirdness & Mutations

You have a pair of horns on your head.
You reflexively headbutt those who attack you in melee.


Message History

You hit the gnoll but do no damage. The gnoll hits you but does no damage.
The gnoll hits you with a +0 club.
The gnoll hits you from afar with a +0 halberd.
The gnoll closely misses you. You furiously retaliate!
You headbutt the gnoll. The gnoll hits you but does no damage.
Things that are here:
a +0 flail; a gnoll corpse You barely miss the gnoll.
You hit the gnoll but do no damage.
The gnoll hits you from afar with a +0 halberd!
The gnoll hits you but does no damage. The gnoll barely misses you.
You hit the gnoll.
The gnoll is moderately wounded.
You hit the gnoll. The gnoll closely misses you. x3
You hit the gnoll.
The gnoll is heavily wounded.
You closely miss the gnoll.
The gnoll hits you but does no damage. x2
The gnoll hits you from afar with a +0 halberd.
You hit the gnoll.
The gnoll is almost dead.
You hit the gnoll but do no damage.
The gnoll hits you from afar with a +0 halberd!
* * * LOW HITPOINT WARNING * * *
The gnoll barely misses you. You furiously retaliate!
You headbutt the gnoll. The gnoll hits you with a +0 club.
* * * LOW HITPOINT WARNING * * *
A red film seems to cover your vision as you go berserk!
You feel yourself moving faster!
You feel mighty! The gnoll closely misses you. The gnoll barely misses you.
The gnoll closely misses you.
You slash the gnoll!
You kill the gnoll!
Trog accepts your kill.
You hit the gnoll.
The gnoll hits you from afar with a +0 halberd!
* * * LOW HITPOINT WARNING * * *
The gnoll hits you but does no damage.
You hit the gnoll.
You kill the gnoll!
Trog accepts your kill. The gnoll hits you with a +0 halberd!
You die...

######## #......#
#......# ####......#
##.....<...#
##..........# ##
#...........# .#...
...#.....)@g...#
.#.#.##.<......))#.###
#.........#.....##.#
#...8...........##.#
#..8.8..##.......#.#
#.8._.8..#.......#.##
#..8.8...........#..#
#...8†..<........##.#
.................##.##


You could see a gnoll.

Vanquished Creatures
  Jessica (D:2)
  3 gnolls (D:2)
  An adder (D:2)
  4 dart slugs
  4 bats
  3 endoplasms
  2 giant cockroaches (D:2)
  5 hobgoblins
  A quokka (D:1)
  2 ball pythons
  4 frilled lizards
  4 goblins (D:1)
  A kobold (D:1)
  2 rats
37 creatures vanquished.

Notes
Turn   | Place    | Note
-------+----------+-------------------------------------------
     0 | D:1      | Curundu the Minotaur Berserker began the quest for the Orb.
     0 | D:1      | Reached XP level 1. HP: 19/19 MP: 0/0
   137 | D:1      | Reached XP level 2. HP: 22/27 MP: 1/1
   872 | D:2      | Found a faded altar of an unknown god.
   882 | D:2      | Reached XP level 3. HP: 34/34 MP: 2/2
   951 | D:2      | Noticed Jessica
   958 | D:2      | Killed Jessica
   958 | D:2      | Reached ** piety under Trog
  1019 | D:2      | Reached XP level 4. HP: 40/41 MP: 3/3
  1105 | D:2      | HP: 2/61 [gnoll/+0 halberd (10)]
  1107 | D:2      | Mangled by a gnoll

Illustrated notes

Levels and vault maps discovered:
D:1:      lightli_arrival_boilingwater, layout_basic, minmay_ruptured
D:2:      layout_rooms, chequers_ecumenical_altar_simple_redux, uniq_jessica

Skill      XL: |  1  2  3  4 |
---------------+-------------+-----
Fighting       | 4 |  4.9
Axes           | 4 |  4.9
Armour         | 3 |  3.1
Dodging        | |  2.5

Action                     |  1- 3 |  4- 6 || total
---------------------------+-------+-------++-------
  Melee: Hand axe          |    59 |    12 ||    71
         Headbutt          |     7 |     1 ||     8
 Invoke: Berserk           |       |     1 ||     1
 Armour: Animal skin       |     8 |       ||     8
         Plate armour      |    57 |    24 ||    81
  Dodge: Dodged            |    32 |    10 ||    42
